AoeStats
← Capt_Obv

Four Lakes

508996929Analyzed
1v1 RM · 6d ago on Sep 25, 2026· 66m 15s· 2 players
Game mode
Random Map
Map size
Tiny (2 player)
Population
200
Speed
Normal
Resources
Standard
Victory
Conquest
Starting age
Dark Age
Ending age
Imperial Age
RankedLock teamsTeams togetherTeam positionsShared explorationLock speedFull tech treeHidden civsTurbo modeCheats
Victory
Defeat
🇦🇷 Muisca · Argentina
291
+9
🇺🇸 Celts · United States
117
-9
Imparabl3
0:45 Loom
12:48 Feudal Age
14:16 Wheelbarrow
13:27 Town Watch
13:32 Double-Bit Axe
14:04 Horse Collar
14:15 Gold Mining
14:32 Stone Mining
25:06 Castle Age
23:26 Forging
23:16 Scale Mail Armor
23:07 Fletching
23:18 Padded Archer Armor
27:18 Bow Saw
27:08 Heavy Plow
27:45 Gold Shaft Mining
27:46 Stone Shaft Mining
28:29 Hand Cart
28:51 Herbalism
29:08 Town Patrol
34:21 Imperial Age
35:37 Elite Temple Guard
36:26 Huaracas
36:59 Hoardings
36:46 Chain Mail Armor
37:05 Leather Archer Armor
37:58 Iron Casting
37:24 Bodkin Arrow
38:33 Plate Mail Armor
39:00 Conscription
42:52 Two-Man Saw
41:56 Bracer
41:20 Elite Guecha Warrior
50:19 Chemistry
49:40 Ballistics
50:11 Thumb Ring
49:27 Elite Skirmisher
49:28 Crossbowman
Capt_Obv
15:04 Feudal Age
15:37 Loom
17:54 Wheelbarrow
19:56 Scale Mail Armor
20:07 Forging
19:43 Man-at-Arms
20:13 Arson
21:51 Double-Bit Axe
25:18 Castle Age
25:05 Scale Barding Armor
30:58 Chain Mail Armor
33:58 Pikeman
34:26 Gambesons
34:02 Long Swordsman
35:47 Hand Cart
41:08 Stronghold
46:12 Imperial Age
45:53 Bow Saw
46:52 Iron Casting
46:07 Fletching
46:39 Chain Barding Armor
45:53 Crossbowman
46:51 Elite Woad Raider
47:23 Two-Handed Swordsman
53:45 Champion
55:41 Plate Mail Armor
55:06 Bodkin Arrow
56:12 Blast Furnace
55:10 Elite Woad Raider
55:19 Onager
55:25 Capped Ram
62:15 Elite Skirmisher
Connection lost

Rejoining the realm…

Still unreachable

The connection could not be restored.

Session expired

The server has moved on; the page needs a fresh start.